[Event "*** Titled Tuesday Blitz"]
[Site "Chess.com"]
[Date "2021.04.27"]
[Round "8"]
[White "Jospem"]
[Black "Region_07"]
[Result "1-0"]
[WhiteElo "2996"]
[BlackElo "2380"]
[TimeControl "180+1"]
[EndTime "11:26:42 PDT"]
[Termination "Jospem won on time"]

1. e4 Nc6 2. Nf3 f5 3. exf5 d5 4. Bb5 Bxf5 5. O-O Nf6 6. Re1 a6 7. Bxc6+ bxc6 8. d3 Bg4 9. h3 Bxf3 10. Qxf3 Qd7 11. Qe2 Kf7 12. Nd2 e6 13. Nf3 Bd6 14.
Ng5+ Kg6 15. d4 Rae8 16. Qd3+ Ne4 17. Nxe4 dxe4 18. Rxe4 Kf7 19. Bf4 Rhf8 20. Bxd6 cxd6 21. Rh4 h6 22. Rf4+ Kg8 23. Rxf8+ Rxf8 24. Qxa6 Qf7 25. Rf1 Qf4 26. c3 Qe4 27. a4 Rf6 28. a5 Rg6 29. f3 Qe3+ 30. Kh1 Qd2 31. Rg1 Rg3 32. Qc8+ Kh7 33. Qxe6 Qf4 34. Qe4+ Qxe4 35. fxe4 1-0

[Event "*** Titled Tuesday Blitz"]
[Site "Chess.com"]
[Date "2021.04.27"]
[Round "8"]
[White "Witik"]
[Black "Karttunen"]
[Result "0-1"]
[WhiteElo "2679"]
[BlackElo "2525"]
[TimeControl "180+1"]
[EndTime "11:26:43 PDT"]
[Termination "Karttunen won on time"]

1. d4 Nf6 2. c4 c5 3. d5 b5 4. Nf3 b4 5. Nbd2 g6 6. e4 d6 7. b3 Bg7 8. Bb2 O-O 9. Qc2 e5 10. g3 Nh5 11. Be2 f5 12. Nh4 Nf4 13. gxf4 Qxh4 14. fxe5 fxe4 15. e6 Rxf2 16. Kd1 Bxb2 17.
Qxb2 Bxe6 18. dxe6 Nc6 19. Re1 Nd4 20. Nf1 Nf3 21. e7 Qxe7 22. Ng3 Nxe1 23. Kxe1 Rxh2 24. Qd2 Rf8 25. Qe3 Qe5 26. Rd1 Rh3 0-1

[Event "*** Titled Tuesday Blitz"]
[Site "Chess.com"]
[Date "2021.04.27"]
[Round "8"]
[White "Srisshhhtea"]
[Black "esrosenberg"]
[Result "1-0"]
[WhiteElo "2342"]
[BlackElo "2205"]
[TimeControl "180+1"]
[EndTime "11:26:43 PDT"]
[Termination "Srisshhhtea won on time"]

1. d4 d5 2. c4 c6 3. Nf3 Nf6 4. e3 e6 5. Nbd2 c5 6. cxd5 exd5 7. a3 a6 8. dxc5 Bxc5 9. b4 Ba7 10.
Bb2 O-O 11. Bd3 Nc6 12. O-O Bg4 13. h3 Bh5 14. Rc1 d4 15. e4 Ne5 16. Bb1 Nxf3+ 17. Nxf3 Re8 18. Re1 Rc8 19. Rxc8 Qxc8 20. Qd3 Bxf3 21.
Qxf3 Qc7 22. Qd3 Qe5 23. g3 g6 24. Kg2 b5 25. f4 Qc7 26. Bxd4 Rd8 27. Be5 Rxd3 28. Bxc7 Rd2+ 29. Kh1 Bf2 30. Rc1 Bxg3 31. Be5 Ne8 32. Rc8 Kf8 33. Bc2 f6 34. Bxf6 Kf7 35. Be5 Rh2+ 36. Kg1 Rd2 37. Bb3+ Ke7 38. Bd5 Nd6 39.
Rc7+ 1-0

[Event "*** Titled Tuesday Blitz"]
[Site "Chess.com"]
[Date "2021.04.27"]
[Round "8"]
[White "rynos0411"]
[Black "Kostukov_Alex"]
[Result "0-1"]
[WhiteElo "2463"]
[BlackElo "2320"]
[TimeControl "180+1"]
[EndTime "11:26:45 PDT"]
[Termination "Kostukov_Alex won on time"]

1. d4 g6 2. c4 Bg7 3. Nc3 d6 4. e4 e5 5. d5 f5 6. h4 Nf6 7.
h5 O-O 8. hxg6 hxg6 9. Bg5 Qe8 10. Bd3 Na6 11. a3 Nc5 12. Bc2 a5 13. b4 axb4 14. axb4 Rxa1 15. Qxa1 Ncxe4 16. Nxe4 Nxe4 17. Bh6 Bxh6 18.
Rxh6 Kg7 19. Rh3 Ng5 20. Rg3 Qe7 21. f4 Nf7 22. Nf3 Qf6 23. Qc1 Rh8 24. Kf2 e4 25.
Ng5 Qd4+ 26. Qe3 Qxc4 27. Bd1 Rh1 28. Be2 Qxb4 29. Ne6+ Bxe6 30. Rxg6+ Kxg6 31. Qg3+ Kf6 32. Qg8 Qd4+ 33. Kg3 Qe3+ 34. Bf3 exf3 0-1

[Event "*** Titled Tuesday Blitz"]
[Site "Chess.com"]
[Date "2021.04.27"]
[Round "8"]
[White "Ibrayevnb"]
[Black "Lyschko"]
[Result "1-0"]
[WhiteElo "2480"]
[BlackElo "2288"]
[TimeControl "180+1"]
[EndTime "11:26:47 PDT"]
[Termination "Ibrayevnb won by resignation"]

1. d4 d6 2. e4 Nf6 3. Nc3 e5 4. Nf3 Nbd7 5. Bc4 Be7 6. O-O O-O 7. a4 c6 8. Re1 exd4 9. Nxd4 Ne5 10. Bf1 Re8 11.
f4 Ng6 12. h3 Bf8 13. g3 Qb6 14. a5 Qc5 15. Kh2 d5 16. e5 Ne4 17. Nxe4 dxe4 18.
Bg2 Rd8 19. c3 Qe7 20. Qh5 f6 21. exf6 Qxf6 22. Bxe4 Bd6 23. a6 bxa6 24. Nxc6 Rf8 25. Be3 Bb7 26. Bd4 Qf7 27. Bd5 Bxc6 28. Bxf7+ Rxf7 29. Rxa6 Nxf4 30. Qxf7+ Kxf7 31. Rxc6 Nd3 32. Rf1+ Ke7 33.
Bxg7 Kd7 34. Rxd6+ Kxd6 35. Rd1 Re8 36. Rxd3+ Kc6 37.
Rd2 1-0

[Event "*** Titled Tuesday Blitz"]
[Site "Chess.com"]
[Date "2021.04.27"]
[Round "8"]
[White "Sueetin"]
[Black "Buffy7"]
[Result "0-1"]
[WhiteElo "2505"]
[BlackElo "2689"]
[TimeControl "180+1"]
[EndTime "11:26:48 PDT"]
[Termination "Buffy7 won by resignation"]

1. d4 Nf6 2. c4 g6 3. Nc3 d5 4. cxd5 Nxd5 5. e4 Nxc3 6. bxc3 Bg7 7. Be3 c5 8. Nf3 Qa5 9. Qd2 O-O 10. Rc1 Nd7 11.
Bd3 b5 12. O-O Nf6 13. h3 Bb7 14. d5 c4 15. Bb1 Rad8 16. Bc5 Rfe8 17. Qe3 e6 18.
Bxa7 Ra8 19. Bb6 Qa6 20. dxe6 Rxe6 21. Bd4 Nxe4 22. Bxg7 Kxg7 23. Nd4 Ree8 24. Bxe4 Rxe4 25. Qg5 b4 26. Nf5+ Kh8 27. Nh6 b3 28. axb3 cxb3 29. Rcd1 f6 30. Qc5 Qc6 31. Qb4 Rxb4 0-1

[Event "*** Titled Tuesday Blitz"]
[Site "Chess.com"]
[Date "2021.04.27"]
[Round "8"]
[White "MarkoPe"]
[Black "SergeyShtyka"]
[Result "0-1"]
[WhiteElo "2256"]
[BlackElo "2396"]
[TimeControl "180+1"]
[EndTime "11:26:48 PDT"]
[Termination "SergeyShtyka won by resignation"]

1. e4 c5 2. Nf3 Nc6 3. d4 cxd4 4. Nxd4 Nf6 5. Nc3 e5 6. Ndb5 h6 7. Nd6+ Bxd6 8. Qxd6 Qe7 9. Qxe7+ Kxe7 10. Bc4 d6 11. f3 Be6 12. Bxe6 fxe6 13. Be3 a6 14. O-O-O Rac8 15. Bb6 Nd7 16. Be3 b5 17. Kb1 Na5 18. Rd3 Nc4 19. Bf2 Nc5 20. Bxc5 Rxc5 21. Rhd1 Rhc8 22. Ne2 Nxb2 23. Kxb2 Rxc2+ 24. Kb3 Rxe2 25. Rxd6 a5 26. Rd7+ Kf6 27. Rb7 Re3+ 28. Kb2 Re2+ 29. Kb3 a4+ 30. Kb4 Rxa2 31. Rdd7 Kg5 32. g3 Rb2+ 33. Ka5 Rxh2 34. Rxg7+ Kh5 35. Rxb5 Ra8+ 36. Kb6 Rb8+ 37. Kc6 Rc2+ 38.
Kd6 Rxb5 39. Kxe6 Rf2 40. Rf7 Kg6 41. Rf6+ Kg7 42. Rf7+ Kg8 43. Rf5 Rb6+ 44. Kd5 a3 45. g4 a2 0-1

[Event "*** Titled Tuesday Blitz"]
[Site "Chess.com"]
[Date "2021.04.27"]
[Round "8"]
[White "Margency"]
[Black "Grieve72"]
[Result "1-0"]
[WhiteElo "2663"]
[BlackElo "2513"]
[TimeControl "180+1"]
[EndTime "11:26:49 PDT"]
[Termination "Margency won on time"]

1. e4 c5 2. Nf3 e6 3. d4 cxd4 4. Nxd4 Nc6 5. Nc3 Qc7 6. Be3 a6 7. Qd2 Nf6 8. O-O-O Bb4 9. f3 Ne5 10. Qe1 Bxc3 11. Qxc3 Qxc3 12. bxc3 d5 13. exd5 Nxd5 14. Bd2 b5 15. Re1 Nc4 16. Bxc4 bxc4 17. Kb2 O-O 18. Ka1 Bd7 19. Rb1 Rab8 20. Rhe1 Ba4 21.
f4 h6 22. Re5 Rxb1+ 23. Kxb1 Rb8+ 24. Kc1 Bd7 25. Re4 Nf6 26. Re2 Nd5 27. f5 exf5 28. Re5 Be6 29. Nxf5 Bxf5 30. Rxf5 Rd8 31. Re5 Kf8 32.
Re4 Rc8 33. Rd4 Rc5 34. Re4 f5 35. Re5 g6 36. Bxh6+ Kf7 37. Be3 Ra5 38. Bd4 g5 39. a4 1-0

[Event "*** Titled Tuesday Blitz"]
[Site "Chess.com"]
[Date "2021.04.27"]
[Round "8"]
[White "Michaelson_11"]
[Black "kidagent"]
[Result "0-1"]
[WhiteElo "2231"]
[BlackElo "2342"]
[TimeControl "180+1"]
[EndTime "11:26:49 PDT"]
[Termination "kidagent won by resignation"]

1. e4 c5 2. Nc3 Nc6 3. Bb5 Nd4 4. Nf3 a6 5. Bd3 g6 6. Nxd4 cxd4 7. Ne2 d5 8. c3 dxe4 9. Bxe4 Nf6 10. Bc2 d3 11.
Ba4+ b5 12. Nd4 bxa4 13. Qxa4+ Bd7 14. Qc4 e5 15. Nf3 e4 16. Ne5 Qe7 17. Nxd7 Nxd7 18. O-O Bg7 19. Re1 f5 20. b3 Ne5 21. Qa4+ Qd7 22.
Qa5 O-O 23. Ba3 Rfe8 24. Rac1 Qb5 25. Qc7 Rac8 26. Qd6 Qc6 27. c4 Qxd6 28. Bxd6 Ng4 29. h3 Nh6 30. f3 Bd4+ 31. Kh2 e3 32. Rcd1 e2 33. Rc1 Nf7 34. Bf4 g5 35. Be3 Bxe3 36.
dxe3 0-1

[Event "*** Titled Tuesday Blitz"]
[Site "Chess.com"]
[Date "2021.04.27"]
[Round "8"]
[White "jacky72"]
[Black "platy3"]
[Result "1-0"]
[WhiteElo "2743"]
[BlackElo "2841"]
[TimeControl "180+1"]
[EndTime "11:26:52 PDT"]
[Termination "jacky72 won on time"]

1. d4 Nf6 2. c4 e6 3. Nf3 d5 4. Nc3 dxc4 5. e3 a6 6. Bxc4 b5 7. Bb3 Bb7 8. O-O Nbd7 9. e4 c5 10. e5 cxd4 11. Qxd4 Bc5 12. Qf4 Bxf3 13. exf6 Bb7 14.
fxg7 Rg8 15. Ne4 Rxg7 16. g3 Qb6 17. Nxc5 Nxc5 18. Be3 Qc6 19. f3 Nxb3 20. axb3 Qd5 21. Rad1 Qxb3 22. Bd4 Rg6 23. Qc7 Kf8 24. Qxb7 Re8 25.
Bc5+ Kg8 26. Qc6 Rb8 27. Qc7 Re8 28. Rd8 Rxd8 29. Qxd8+ Kg7 30. Bd4+ f6 31. Qe7+ Kg8 32. Rc1 1-0

[Event "*** Titled Tuesday Blitz"]
[Site "Chess.com"]
[Date "2021.04.27"]
[Round "8"]
[White "rasmussvane"]
[Black "gmpeter008"]
[Result "1-0"]
[WhiteElo "2900"]
[BlackElo "2478"]
[TimeControl "180+1"]
[EndTime "11:26:53 PDT"]
[Termination "rasmussvane won by resignation"]

1. Nf3 d5 2. g3 Nf6 3. Bg2 g6 4. O-O Bg7 5. d4 O-O 6. c4 c6 7. Qb3 a5 8. Rd1 a4 9. Qb4 Na6 10. Qxa4 Bf5 11. cxd5 Nxd5 12. Qb3 Nab4 13. Ne1 Bxb1 14.
Rxb1 Nxa2 15. Bd2 Bxd4 16. Nc2 Bc5 17. e3 Qb6 18. Qc4 Nab4 19. Nxb4 Nxb4 20. Bc3 e6 21. Qf4 f6 22. Rd7 Nd5 23. Bxd5 cxd5 24. Qh6 Rf7 25. Rxf7 Kxf7 26. Qxh7+ Ke8 27. Bxf6 Ra3 28. Qxg6+ Kd7 29. bxa3 1-0

[Event "*** Titled Tuesday Blitz"]
[Site "Chess.com"]
[Date "2021.04.27"]
[Round "8"]
[White "Loy_Konstantin"]
[Black "olksuna"]
[Result "0-1"]
[WhiteElo "2373"]
[BlackElo "2631"]
[TimeControl "180+1"]
[EndTime "11:26:53 PDT"]
[Termination "olksuna won on time"]

1. e4 e6 2. d3 d5 3. Nd2 Nf6 4. Ngf3 c5 5. g3 Nc6 6. Bg2 Be7 7. O-O O-O 8. Re1 b5 9. e5 Nd7 10. Nf1 Bb7 11. h4 Qc7 12. Bf4 Rfc8 13. h5 h6 14. g4 Qd8 15. Qd2 Nd4 16. N1h2 Nxf3+ 17.
Nxf3 d4 18. g5 hxg5 19. Bxg5 Bxf3 20. Bxe7 Qxe7 21. Bxf3 Rab8 22. Qf4 c4 23. Qxd4 cxd3 24. cxd3 Qg5+ 25. Qg4 Nxe5 26. Rxe5 Qxe5 27. h6 Qf6 28. Kg2 Rc5 29. Kf1 Qxh6 30. Qg3 Rbc8 31. Re1 Rc1 32. Rxc1 Qxc1+ 33. Kg2 Qxb2 34. Be4 Qf6 35. Qh3 Qg5+ 36. Kf3 f5 37. Bb7 Rc3 0-1

[Event "*** Titled Tuesday Blitz"]
[Site "Chess.com"]
[Date "2021.04.27"]
[Round "8"]
[White "Vice64"]
[Black "Arystanner"]
[Result "0-1"]
[WhiteElo "2671"]
[BlackElo "2833"]
[TimeControl "180+1"]
[EndTime "11:26:54 PDT"]
[Termination "Arystanner won by resignation"]

1. e4 c5 2. Nf3 e6 3. d4 cxd4 4. Nxd4 Nf6 5. Nc3 Nc6 6. a3 Be7 7. Be3 O-O 8. g4 d5 9. g5 Nxe4 10. Nxe4 dxe4 11. Nxc6 bxc6 12. Qxd8 Rxd8 13. Bg2 Rb8 14.
Bxe4 Rxb2 15. O-O a5 16. Rfb1 Bxa3 17. Rxb2 Bxb2 18. Rxa5 Bd7 19. Ra7 Be8 20. h4 g6 21.
Kg2 Kg7 22. f4 Bd4 23. Kf3 Bxa7 24. Bxa7 Rd1 25. c3 Rh1 26. Bd4+ Kg8 27. Bf2 Rc1 28. Bd4 c5 29. Bf6 Bb5 30. Kf2 Bc4 31. Kg3 Bd5 32. Bd3 Rg1+ 33. Kf2 Rg4 34. Be5 c4 35.
Bf1 Rxh4 36. Kg3 Rh1 37. Kf2 h6 38. Bf6 h5 0-1

[Event "*** Titled Tuesday Blitz"]
[Site "Chess.com"]
[Date "2021.04.27"]
[Round "8"]
[White "lamomiablanca"]
[Black "MatyChess1"]
[Result "1/2-1/2"]
[WhiteElo "2437"]
[BlackElo "2678"]
[TimeControl "180+1"]
[EndTime "11:26:54 PDT"]
[Termination "Game drawn by repetition"]

1. e4 c5 2. d3 Nc6 3. g3 g6 4. Bg2 Bg7 5. f4 d6 6. Nf3 Rb8 7. a4 a6 8. O-O b5 9. axb5 axb5 10. Na3 e6 11. Qe1 Nge7 12. c3 O-O 13. Bd2 h6 14. Nc2 f5 15. Ne3 b4 16. Nc4 bxc3 17.
bxc3 d5 18. Nce5 Rb2 19. Bc1 Rb3 20. Nxc6 Nxc6 21. e5 d4 22. Nd2 Rb6 23. Nc4 dxc3 24. Nxb6 Qxb6 25. Qxc3 Nd4 26. Kh1 Bb7 27. Qb2 Bxg2+ 28.
Qxg2 h5 29. Be3 Rd8 30. Bxd4 Rxd4 31. Ra8+ Kh7 32. Qf3 Qb3 33. Qd1 Qd5+ 34. Qf3 Qb3 35. Qd1 Qd5+ 36. Qf3 Qb3 1/2-1/2

[Event "*** Titled Tuesday Blitz"]
[Site "Chess.com"]
[Date "2021.04.27"]
[Round "8"]
[White "Susal_De_Silva"]
[Black "northridgehawk"]
[Result "1-0"]
[WhiteElo "2633"]
[BlackElo "2365"]
[TimeControl "180+1"]
[EndTime "11:26:57 PDT"]
[Termination "Susal_De_Silva won by resignation"]

1. e4 e5 2. Nf3 Nc6 3. Bb5 a6 4. Ba4 Nf6 5. O-O b5 6. Bb3 Bc5 7. d3 d6 8. Nc3 Na5 9. h3 Nxb3 10. axb3 Be6 11. Bg5 h6 12. Bh4 g5 13. Bg3 Rg8 14. d4 exd4 15. Nxd4 Qd7 16. Nxe6 fxe6 17. e5 dxe5 18.
Bxe5 Qf7 19. Bxf6 Qxf6 20. Ne4 Qe7 21. Qh5+ Kd7 22. Rfd1+ Kc6 23. Qf3 Kb6 24. Nf6 Rgf8 25. Nd7+ Qxd7 26. Rxd7 Rxf3 27. gxf3 Rf8 28. Kg2 Bd6 29.
Re1 Rf6 30. Rd8 Kc6 31. Ra1 Kb7 32. c3 Rf5 33. Re8 Re5 34. Kf1 Rf5 35. Rxe6 Rxf3 36. Kg2 Rf4 37. Rxh6 Bc5 38. f3 Rf5 39. Rd1 Re5 40.
Rd2 Re1 41. Rg6 Be3 42. Rd3 Bf4 43. Rd4 Re2+ 44. Kf1 Rxb2 45. h4 Be3 46. Re4 gxh4 47. Rxe3 h3 48. Kg1 h2+ 49. Kh1 Rxb3 50. Kxh2 b4 51. Rg4 bxc3 52. Rc4 Rb2+ 53. Kg3 c2 54. Rec3 a5 55. Rxc2 Rb5 56. Rxc7+ Kb8 57. R7c5 1-0

[Event "*** Titled Tuesday Blitz"]
[Site "Chess.com"]
[Date "2021.04.27"]
[Round "8"]
[White "The_Machine04"]
[Black "1977Ivan"]
[Result "0-1"]
[WhiteElo "2452"]
[BlackElo "2650"]
[TimeControl "180+1"]
[EndTime "11:26:57 PDT"]
[Termination "1977Ivan won by resignation"]

1. d4 Nf6 2. Bg5 c5 3. Bxf6 gxf6 4. d5 Qb6 5. Qc1 f5 6. c4 h5 7. Nc3 Qh6 8. e3 Bg7 9. Qc2 d6 10. Bd3 f4 11. exf4 Qxf4 12. g3 Qh6 13. Nf3 Bg4 14.
Nh4 Nd7 15. f3 Bh3 16. Bf5 Qe3+ 17. Ne2 Ne5 18. Qe4 Qxe4 19. fxe4 Bg4 20. b3 Nxc4 21.
bxc4 Bxa1 22. Kd2 Bf6 23. Ng2 a6 24. Rb1 b5 25. Ne3 Bxe2 26. Kxe2 b4 27. Kd3 a5 28. h3 a4 29. g4 hxg4 30. Bxg4 Kd8 31. Rf1 Kc7 32.
Bd1 Rxh3 33. Kd2 Bg5 34. Bf3 Rh2+ 35. Kd3 Rxa2 36. Nc2 Rxc2 37. Kxc2 b3+ 38. Kd3 Bf6 39. Bh5 a3 40. Bxf7 a2 41. e5 Bxe5 0-1

[Event "*** Titled Tuesday Blitz"]
[Site "Chess.com"]
[Date "2021.04.27"]
[Round "8"]
[White "WiktoriaPOL"]
[Black "IsuruAlahakoon"]
[Result "0-1"]
[WhiteElo "2028"]
[BlackElo "2191"]
[TimeControl "180+1"]
[EndTime "11:26:59 PDT"]
[Termination "IsuruAlahakoon won on time"]

1. e4 d5 2. exd5 Qxd5 3. Nc3 Qa5 4.
d4 Nf6 5. Nf3 Bg4 6. Be2 Nc6 7. h3 Bh5 8. O-O O-O-O 9. Be3 e5 10. Nxe5 Nxe5 11. Bxh5 Nc4 12. Bg4+ Kb8 13. Qe2 Nxb2 14.
Rab1 Qxc3 15. Qb5 Ba3 16. Bc1 Qc4 17. Rxb2 Qxb5 18. Rxb5 Bxc1 19. Rxc1 Rxd4 20. Bf3 b6 21. Re1 Re8 22. Rbe5 Rxe5 23. Rxe5 Rd2 24. g4 h6 25. h4 c6 26. g5 hxg5 27. hxg5 Nd5 28. Bxd5 Rxd5 29. Re8+ Kc7 30. f4 Rf5 31. Rg8 g6 32. Ra8 a5 33. Ra7+ Kd6 34. Rb7 Kc5 35. Kg2 Rxf4 36.
Kg3 Rf5 37. Kg4 b5 38. Ra7 a4 0-1

[Event "*** Titled Tuesday Blitz"]
[Site "Chess.com"]
[Date "2021.04.27"]
[Round "8"]
[White "Ajedrez_con_German"]
[Black "Agoking701"]
[Result "1-0"]
[WhiteElo "2528"]
[BlackElo "2284"]
[TimeControl "180+1"]
[EndTime "11:27:00 PDT"]
[Termination "Ajedrez_con_German won by resignation"]

1. d4 Nf6 2. Bg5 e6 3. e3 Be7 4. Bd3 c5 5. c3 b6 6. Nd2 Bb7 7. Ngf3 O-O 8. O-O h6 9. Bxf6 Bxf6 10. Qe2 Nc6 11. Rad1 Rc8 12. Ba6 Qc7 13. Ne4 Be7 14. Bxb7 Qxb7 15. dxc5 bxc5 16. Nd6 Bxd6 17. Rxd6 Rc7 18.
Rfd1 Rb8 19. b3 Ne7 20. e4 Nc8 21. R6d2 d6 22. c4 e5 23. Nh4 g6 24. g3 Kh7 25.
Ng2 a5 26. h4 a4 27. Rd3 Qc6 28. h5 Rcb7 29. hxg6+ fxg6 30. Qe3 Rd7 31. Nh4 Ne7 32. Kg2 g5 33. Nf3 Kg6 34. Rh1 Rg8 35. Qe2 Rh8 36. Nxg5 Kxg5 37. Qh5+ Kf6 38. Rf3+ 1-0

[Event "*** Titled Tuesday Blitz"]
[Site "Chess.com"]
[Date "2021.04.27"]
[Round "8"]
[White "dropstoneDP"]
[Black "OK97"]
[Result "0-1"]
[WhiteElo "2899"]
[BlackElo "2756"]
[TimeControl "180+1"]
[EndTime "11:27:01 PDT"]
[Termination "OK97 won by resignation"]

1. d4 g6 2. e4 Bg7 3. Nf3 d6 4. Be3 Nf6 5. Nc3 a6 6. Qd2 O-O 7. Bh6 c5 8. Bxg7 Kxg7 9. dxc5 dxc5 10. O-O-O Nc6 11. Qe3 Qa5 12. h3 Be6 13. e5 Nd5 14. Nxd5 Bxd5 15. a3 Bxf3 16. gxf3 Rfd8 17. Be2 Nd4 18.
c3 Nxe2+ 19. Qxe2 Qa4 20. Qe3 Qc4 21. f4 e6 22. Kc2 Qa4+ 23. b3 Qc6 24. Rhe1 c4 25. Rd4 cxb3+ 26. Kxb3 Rxd4 27. Qxd4 Rc8 28. a4 b5 29. a5 Qf3 30. Re3 Qxf2 31. Rd3 Qf1 32.
Kb2 Rc4 33. Qd8 Rxf4 34. Rd2 b4 35. Qc7 bxc3+ 36. Qxc3 Qb5+ 37. Ka1 Ra4+ 38. Ra2 Qf1+ 0-1

[Event "*** Titled Tuesday Blitz"]
[Site "Chess.com"]
[Date "2021.04.27"]
[Round "8"]
[White "korkmaz16"]
[Black "Bad_left_hook"]
[Result "0-1"]
[WhiteElo "2421"]
[BlackElo "2567"]
[TimeControl "180+1"]
[EndTime "11:27:03 PDT"]
[Termination "Bad_left_hook won by resignation"]

1. e4 c5 2. Nc3 Nc6 3. f4 e6 4.
Nf3 a6 5. g3 d5 6. d3 Nf6 7.
Bg2 dxe4 8. Nxe4 Nxe4 9. dxe4 Qxd1+ 10. Kxd1 c4 11. c3 Bc5 12. Ke2 b5 13. Be3 Bxe3 14.
Kxe3 Bb7 15. Rhd1 Ke7 16. Rd2 Rhd8 17. Rad1 Rxd2 18. Rxd2 f6 19. e5 Rd8 20. exf6+ gxf6 21. Rxd8 Nxd8 22. Ne1 Bxg2 23. Nxg2 Nb7 24. Kd4 Kd6 25. Ne3 Nc5 26. Ng4 Nd7 27. Ne3 h5 28. Nc2 Nc5 29. Nb4 a5 30. Nc2 e5+ 31. fxe5+ fxe5+ 32. Ke3 Na4 33.
Na3 Kc5 34. Ke4 Nxb2 35. Kxe5 b4 36. Nb1 Nd1 37. cxb4+ axb4 38. Ke4 Nc3+ 39. Nxc3 bxc3 40. Ke3 Kb4 41. h3 Ka3 42. g4 c2 0-1

[Event "*** Titled Tuesday Blitz"]
[Site "Chess.com"]
[Date "2021.04.27"]
[Round "8"]
[White "viktorgen2021"]
[Black "szefru"]
[Result "0-1"]
[WhiteElo "2377"]
[BlackElo "2197"]
[TimeControl "180+1"]
[EndTime "11:27:04 PDT"]
[Termination "szefru won by checkmate"]

1. d4 Nf6 2. c4 g6 3. Nf3 Bg7 4.
Nc3 d6 5. g3 O-O 6. Bg2 c5 7. d5 e6 8. O-O exd5 9. cxd5 h6 10.
Nd2 Re8 11. a4 a6 12. Nc4 Qc7 13. a5 Nbd7 14. Bf4 Ne5 15. Nxe5 dxe5 16. d6 Qd7 17. Be3 c4 18. Ra4 Qe6 19. Bc5 Bd7 20. Rb4 Bc6 21.
Bxc6 bxc6 22. Qa4 Qh3 23. Rxc4 e4 24. f3 exf3 25. Rxf3 Re5 26. Rh4 Qe6 27. Bd4 Rf5 28. Rxf5 Qxf5 29. Rf4 Qe6 30. Qxc6 Rd8 31. Qf3 Rxd6 32. Kg2 Nh5 33. Re4 Qd7 34. Bxg7 Nxg7 35. Rf4 Ne6 36. Rf6 Kg7 37. Ne4 Rd1 38. Qe3 Ng5 39. Rf2 Qh3# 0-1

[Event "*** Titled Tuesday Blitz"]
[Site "Chess.com"]
[Date "2021.04.27"]
[Round "8"]
[White "jamalm2"]
[Black "ri4mi"]
[Result "0-1"]
[WhiteElo "2039"]
[BlackElo "2307"]
[TimeControl "180+1"]
[EndTime "11:27:04 PDT"]
[Termination "ri4mi won by resignation"]

1. e4 c5 2. Nf3 Nc6 3. Bb5 e5 4.
O-O Bd6 5. c3 Nge7 6. Re1 a6 7.
Bf1 O-O 8. d4 cxd4 9. cxd4 Nxd4 10. Nxd4 exd4 11. Qxd4 Qc7 12. g3 Nc6 13. Qd1 Bc5 14.
Nc3 d6 15. Nd5 Qd8 16. a3 Ne5 17. Bg2 Bg4 18. Qb3 b5 19. Bf4 Rb8 20. Bxe5 dxe5 21. Rac1 Bd4 22. Qc2 Qg5 23. b4 Rfc8 24. Qb1 Qd2 25. Ne3 Bxe3 26. Rxc8+ Rxc8 27. fxe3 Rc2 28. Qxc2 Qxc2 29. Rf1 h6 30. h3 Be6 31. Bf3 Qc3 32. Kf2 Bxh3 33. Rd1 Be6 34. Rd6 Qxa3 35. Rd8+ Kh7 36. g4 g5 37. Rd6 Kg7 38.
Kg3 Qxe3 39. Rxa6 Bc4 40. Kg2 Be2 41. Bxe2 Qxe2+ 42. Kg3 Qe3+ 43. Kh2 Qxe4 44. Ra5 Qxb4 45. Ra8 Qf4+ 46. Kg1 Qxg4+ 47. Kh2 Qe2+ 48. Kg1 Qe1+ 49. Kh2 Qf2+ 0-1

[Event "*** Titled Tuesday Blitz"]
[Site "Chess.com"]
[Date "2021.04.27"]
[Round "8"]
[White "Shuvalov"]
[Black "GoValya"]
[Result "1-0"]
[WhiteElo "2430"]
[BlackElo "2253"]
[TimeControl "180+1"]
[EndTime "11:27:04 PDT"]
[Termination "Shuvalov won by resignation"]

1. Nf3 Nf6 2. c4 c5 3. g3 g6 4. Bg2 Bg7 5. O-O Nc6 6. Nc3 O-O 7. d4 cxd4 8. Nxd4 a6 9. Bf4 Qa5 10. Nb3 Qd8 11. Rc1 d6 12. Qd2 Be6 13. c5 d5 14.
Rfd1 Rc8 15. Qe1 h6 16. e4 d4 17. Ne2 Bxb3 18. axb3 e5 19. Bd2 Qe7 20. Rc4 Rfd8 21. Nc1 d3 22. Bf1 Nd4 23. Kg2 Rxc5 24. Nxd3 Rcc8 25.
Bb4 Qe6 26. f3 b5 27. Rc5 Nxb3 28. Rxe5 Qb6 29. Qf2 Ng4 30. Qxb6 Nxe5 31. Qxa6 Nxd3 32. Rxd3 Nd4 33. Bc3 b4 34. Bxd4 Rc2+ 35. Kg1 Bxd4+ 36. Kh1 Rc1 37. Kg2 Rc2+ 38. Kh3 Kg7 39. Qa5 h5 40. Qxd8 Bg1 41. Bg2 1-0

[Event "*** Titled Tuesday Blitz"]
[Site "Chess.com"]
[Date "2021.04.27"]
[Round "8"]
[White "Aygehovit1992"]
[Black "Grandmaster2B"]
[Result "1-0"]
[WhiteElo "2634"]
[BlackElo "2500"]
[TimeControl "180+1"]
[EndTime "11:27:05 PDT"]
[Termination "Aygehovit1992 won on time"]

1. e4 c5 2. Nf3 d6 3. d4 cxd4 4. Nxd4 Nf6 5. Nc3 a6 6. Bg5 Nbd7 7. Bc4 Qb6 8. Bb3 e6 9. Qd2 Be7 10. O-O-O Nc5 11. Rhe1 h6 12. Bxf6 Bxf6 13. Nf5 exf5 14.
exf5+ Kf8 15. Nd5 Qc6 16. g4 a5 17. Nxf6 gxf6 18. Bd5 Qc7 19. Qd4 Qd8 20. f4 Rg8 21. h3 Ra6 22. Bc4 Rc6 23. Bb5 Qc7 24. Bxc6 Qxc6 25.
Qxf6 d5 26. Qd8+ Kg7 27. Qxd5 Bd7 28. Re7 Be8 29. Qxc6 Bxc6 30. Rd6 Rc8 31. c3 Bg2 32. h4 Bh3 33. g5 hxg5 34. fxg5 Bxf5 35. Re3 b5 36. h5 Be6 37. g6 1-0

[Event "*** Titled Tuesday Blitz"]
[Site "Chess.com"]
[Date "2021.04.27"]
[Round "8"]
[White "serhanberat_ozdemir"]
[Black "tdf98pantani"]
[Result "1-0"]
[WhiteElo "2590"]
[BlackElo "2698"]
[TimeControl "180+1"]
[EndTime "11:27:07 PDT"]
[Termination "serhanberat_ozdemir won by resignation"]

1. e4 e6 2. d4 d5 3. Nd2 c5 4. Ngf3 Nc6 5. exd5 exd5 6. Bb5 Bd6 7. dxc5 Bxc5 8. O-O Ne7 9. Nb3 Bd6 10. c3 O-O 11.
Be3 Bg4 12. Nbd4 Bc7 13. Be2 a6 14. Nxc6 bxc6 15. Nd4 Qd6 16. g3 Bxe2 17. Qxe2 Qd7 18. b4 a5 19. a3 Ng6 20. f4 Rfe8 21. Qf3 Bb6 22. Bf2 Ne7 23. Rfe1 Bxd4 24. Bxd4 Nf5 25.
Bc5 axb4 26. axb4 Rxa1 27. Rxa1 f6 28. Qd3 h5 29. c4 Re4 30. Rd1 Qe8 31. cxd5 h4 32. d6 h3 33. d7 Re1+ 34. Kf2 1-0

[Event "*** Titled Tuesday Blitz"]
[Site "Chess.com"]
[Date "2021.04.27"]
[Round "8"]
[White "ural58"]
[Black "picturesquecheck"]
[Result "0-1"]
[WhiteElo "2464"]
[BlackElo "2315"]
[TimeControl "180+1"]
[EndTime "11:27:07 PDT"]
[Termination "picturesquecheck won by resignation"]

1. e4 c5 2. b3 Nc6 3. Bb2 Nf6 4. e5 Nd5 5. Nf3 e6 6. g3 Be7 7.
c4 Nb6 8. Bg2 O-O 9. O-O d5 10.
exd6 Bxd6 11. d4 Qe7 12. Nc3 Rd8 13. dxc5 Bxc5 14. Qe2 e5 15. Rfe1 Bg4 16. Qe4 f5 17. Qb1 Bxf3 18. Bxf3 e4 19. Bg2 Qf7 20. Ne2 a5 21. a4 Nd7 22. Nf4 Nde5 23. Nd5 Nd3 24. Rf1 Ne7 25. Nxe7+ Bxe7 26. Bc3 b6 27. Qc2 Bc5 28.
Rad1 Qg6 29. Rd2 h6 30. Re2 Re8 31. Kh1 Rad8 32. f3 f4 33. Rxe4 Rxe4 34. fxe4 fxg3 35. e5 gxh2 36. Bd5+ Rxd5 37. Qxh2 Rd8 38. e6 Qxe6 39. Qg2 Bd4 40. Bxd4 Rxd4 41. Rf3 Rh4+ 42. Kg1 Rg4 43. Rg3 Rxg3 44. Qxg3 Qe1+ 45. Qxe1 Nxe1 46. Kf2 Nd3+ 47. Ke2 Nc5 0-1

[Event "*** Titled Tuesday Blitz"]
[Site "Chess.com"]
[Date "2021.04.27"]
[Round "8"]
[White "sergiochess83"]
[Black "BahadirOzen"]
[Result "1-0"]
[WhiteElo "2878"]
[BlackElo "2667"]
[TimeControl "180+1"]
[EndTime "11:27:09 PDT"]
[Termination "sergiochess83 won by resignation"]

1. e4 g6 2. d4 d6 3. Nf3 Nf6 4. Bd3 Bg7 5. c3 O-O 6. O-O Nbd7 7. e5 Nd5 8. Qe2 dxe5 9. Nxe5 Nxe5 10. dxe5 c6 11.
Re1 Qc7 12. g3 Be6 13. Nd2 Rad8 14. Bc2 Qc8 15. Ne4 Bg4 16. f3 Bf5 17. f4 Rfe8 18. Bd2 f6 19. exf6 exf6 20. Qf3 Bg4 21. Qf2 Qb8 22. c4 Nb6 23. Bc3 Rf8 24. b3 Nd7 25. Re3 Bf5 26. Rae1 Rfe8 27. Qg2 Bxe4 28. Rxe4 Rxe4 29.
Qxe4 Nf8 30. f5 Qd6 31. b4 Kh8 32. c5 Qd7 33. fxg6 hxg6 34. Qh4+ Kg8 35. Bb3+ 1-0